 Dungeon Crawl Stone Soup version 0.32-a0-799-g95e1662365 (webtiles) character file.

Game seed: 6760859319502288123

6148 ezpacito the Chopper (level 10, -2/115 HPs)
             Began as a Coglin Chaos Knight on Mar 21, 2024.
             Was a Plaything of Xom.
             Slain by an orange demon (5 damage)
             ... led by Amaemon
             ... on level 9 of the Dungeon.
             The game lasted 00:15:56 (10139 turns).

ezpacito the Chopper (Coglin Chaos Knight)         Turns: 10139, Time: 00:15:56

Health: -2/115     AC: 25    Str: 17    XL:     10   Next: 90%
Magic:  14/14      EV:  2    Int: 11    God:    Xom [......]
Gold:   1851       SH:  0    Dex: 14    Spells: 2/15 levels left

rFire   . . .        A - +6 shillelagh "Devastator" {shatter}
rCold   x . .        E - staff "Unekobbi" {rElec rC- rCorr Stlth+ Conj Air}
rNeg    . . .        g - melded +5 ice dragon scales "Beplui Nuen" {rPois rF- rC++ MP+9 Dex+3 Slay+3}
rPois   +            p - melded +0 helmet
rElec   +            v - melded +0 cloak
rCorr   +            l - melded +0 pair of gloves
SInv    .            (boots currently unavailable)
Will    .....        (no amulet)
Stlth   +++          (no ring)
HPRegen 0.39/turn    (no ring)
MPRegen 0.14/turn    (no gizmo)

%: no passive effects
@: lethally poisoned (-2 -> -8), tree-form, weakened, slowed, studying Unarmed
Combat, invisible, revving, very slow
A: stationary, stasis, torment immunity, boosted hp, off-hand wielding, slow
wielding, warmup strikes, (no jewellery)
a: Invent Gizmo, Renounce Religion


You were on level 9 of the Dungeon.
You worshipped Xom.
You were a very special plaything of Xom.
You were a tree.
You visited 2 branches of the dungeon, and saw 10 of its levels.
You also visited: Sewer and Bailey.

You collected 3042 gold pieces.
You spent 1191 gold pieces at shops.

Inventory:

Hand Weapons
 a - a +1 hand axe of chaos {Inés}
 A - the +6 shillelagh "Devastator" (weapon) {shatter}
   (You bought it in a shop on level 5 of the Dungeon)
 F - the +9 rapier "Fufeva Todec" {freeze, rElec rN+ Int+3}
   (You found it on level 7 of the Dungeon)

   Int+3:     It affects your intelligence (+3).
   rElec:     It insulates you from electricity.
   rN+:       It protects you from negative energy.
Missiles
 c - 18 boomerangs
 f - 2 javelins (quivered)
 o - 51 poisoned darts
 s - a throwing net
Armour
 g - the +5 ice dragon scales "Beplui Nuen" (melded) {rPois rF- rC++ MP+9 Dex+3 Slay+3}
   (You found it in a bailey)

   Dex+3:     It affects your dexterity (+3).
   Slay+3:    It affects your accuracy & damage with ranged weapons and melee
   (+3).
   rF-:       It makes you vulnerable to fire.
   rC++:      It greatly protects you from cold.
   rPois:     It protects you from poison.
   MP+9:      It affects your magic capacity (+9).
 l - a +0 pair of gloves (melded)
 p - a +0 helmet (melded)
 v - a +0 cloak (melded)
Magical Staves
 E - the staff "Unekobbi" (offhand) {rElec rC- rCorr Stlth+ Conj Air}
   (You found it on level 7 of the Dungeon)

   [staff of air]

   Base accuracy: +5 Base damage: 5 Base attack delay: 1.2 This weapon's minimum
   attack delay (0.6) is reached at skill level 12.
   rC-:       It makes you vulnerable to cold.
   rElec:     It insulates you from electricity.
   rCorr:     It protects you from acid and corrosion.
   Stlth+:    It makes you more stealthy.
   Conj:      It increases the power of your Conjurations spells.
   Air:       It increases the power of your Air spells.
   It falls into the 'Staves' category.
   It is a one-graspered weapon.
Wands
 k - a wand of flame (17)
 m - a wand of polymorph (9)
 u - a wand of acid (18)
 z - a wand of iceblast (5)
Scrolls
 d - a scroll of immolation
 h - a scroll of fog
 r - a scroll of silence
 t - 2 scrolls of teleportation
 x - a scroll of noise
 C - a scroll of amnesia
 D - 2 scrolls of poison
Potions
 b - 5 potions of magic
 e - 4 potions of enlightenment
 i - a potion of lignification
 j - a potion of brilliance
 n - a potion of attraction {unknown}
Miscellaneous
 B - a phantom mirror


   Skills:
 * Level 6.8 Fighting
 * Level 7.0(8.0) Axes
 + Level 2.9(5.1) Maces & Flails
 + Level 3.9(5.7) Polearms
 * Level 5.9 Armour
 * Level 5.6 Dodging
 + Level 3.6 Stealth
 + Level 3.2 Spellcasting
 + Level 2.7 Summonings
 + Level 3.0 Necromancy
 + Level 5.0 Evocations


You had 2 spell levels left.
You knew the following spells:

 Your Spells              Type           Power      Damage    Failure   Level
a - Necrotise             Necr           32%        1d5       8%          1
b - Martyr's Knell        Necr/Summ      8%         N/A       63%         4
c - Curse of Agony        Necr           8%         N/A       91%         5
x - Vampiric Draining     Necr           8%         2d6       22%         3

Your spell library contained the following spells:

 Spells                   Type           Power      Damage    Failure   Level
 Magic Dart               Conj           8%         1d3       26%         1
 Shock                    Conj/Air       12%        1d3       26%         1
 Jinxbite                 Hex            2%         N/A       36%         2
 Searing Ray              Conj           4%         2d4       36%         2
 Summon Ice Beast         Ice/Summ       4%         N/A       41%         3
 Inner Flame              Hex/Fire       1%         N/A       61%         3
 Flame Wave               Conj/Fire      2%         2d4       95%         4
 Fulminant Prism          Conj/Alch      1%         3d5       95%         4
 Manifold Assault         Tloc           1%         N/A       95%         4
 Sticky Flame             Fire/Alch      1%         2d4       95%         4
 Yara's Violent Unravell  Hex/Alch       0%         3d3       100%        5
 Dispersal                Tloc           0%         N/A       100%        6
 Enfeeble                 Hex            0%         N/A       100%        7
 Disjunction              Tloc           0%         N/A       100%        8


Dungeon Overview and Level Annotations

Branches:
Dungeon (9/15)             Temple (1/1) D:6           Sewer (visited)
 Bailey (visited)
   Lair: D:8-11         Orc: D:9-12

Altars:
Ashenzari
Cheibriados
Dithmenos
Elyvilon
Fedhas
Gozag
Hepliaklqana
Kikubaaqudgha
Makhleb
Nemelex Xobeh
Okawaru
Qazlal
Sif Muna
Trog
Uskayaw
Vehumet
Wu Jian
Xom
Yredelemnul
Zin
The Shining One

Shops:
D:4 *   D:5 *

Annotations:
D:9 Amaemon


Innate Abilities, Weirdness & Mutations

You are a tree.
Your roots penetrate the ground, keeping you stationary.
You cannot be teleported.
You are immune to unholy pain and torment.
Your maximum health is greatly increased.
Your equipment is partially melded.
You can wield a second weapon in your off-hand.
It takes a long time for you to wield or remove held weapons.
Your first few attacks do less damage.
((You cannot equip rings or amulets.))


Message History

You resist.
The killer bee stings you but does no damage. x2
The killer bee stings you.
* * * LOW HITPOINT WARNING * * *
The orange demon stings you but does no damage.
The orange demon hits you but does no damage.
Amaemon hits you with a +1 demon whip of venom.
* * * LOW HITPOINT WARNING * * *
Amaemon claws you but does no damage.
Amaemon tail-slaps you but does no damage.
The killer bee completely misses you.
The killer bee stings you but does no damage. x2
You now have 22/115 hp.
It was a potion of invisibility.
You fade into invisibility!
The killer bee stings you but does no damage.
The killer bee stings you.
* * * LOW HITPOINT WARNING * * *
The killer bee barely misses you.
The killer bee stings you but does no damage.
The killer bee stings you.
* * * LOW HITPOINT WARNING * * *
You resist.
The killer bee stings you but does no damage.
The orange demon stings you.
* * * LOW HITPOINT WARNING * * *
The orange demon hits you but does no damage.
Amaemon hits you but does no damage.
You are poisoned.
Amaemon claws you but does no damage.
Amaemon tail-slaps you but does no damage.
The killer bee stings you but does no damage. x3
Amaemon hits you with a +1 demon whip of venom!
* * * LOW HITPOINT WARNING * * *
Amaemon claws you but does no damage.
Amaemon tail-slaps you but does no damage.
The orange demon stings you but does no damage.
The orange demon hits you.
You die...
Xom roars with laughter!

###########
#.........#
#.........'
#.○.§.....#
#.6♣y.....#
#.yy4.....#
+.'...(.....#
###.......>.#
#.........#
#.........#
####'######
..


You could see Amaemon (unable to see you), an orange demon (unable to see you)
and 3 killer bees.

Vanquished Creatures
  A two-headed ogre (D:7)
  An ugly thing (D:7)
  Sigmund (D:2)
  A hog (D:6)
  2 steam dragons
  2 water moccasins
  8 orc warriors
  4 sky beasts
  3 black bears
  An ogre (D:7)
  6 kobold brigands
  2 gnoll sergeants
  3 bullfrogs
  A scorpion (D:6)
  5 wights (D:8)
  3 killer bees (D:8)
  2 howler monkeys
  4 jellies
  5 hounds
  A bombardier beetle (D:4)
  2 gnoll boudas
  Crazy Yiuf (D:3)
  4 orc priests
  2 sleepcaps
  Jessica (D:3)
  3 iguanas
  4 orc wizards
  Natasha (thrice) (D:2)
  A statue (D:6)
  Robin (D:2)
  31 gnolls
  9 adders
  A river rat (Sewer)
  2 shadow imps (D:7)
  A white imp (D:6)
  An ufetubus (D:7)
  3 dart slugs
  50 orcs
  3 endoplasms (D:1)
  5 giant cockroaches
  21 goblins
  20 hobgoblins
  A jackal (Sewer)
  49 kobolds
  6 quokkas
  2 ball pythons
  5 bats
  2 frilled lizards
  A hobgoblin zombie (D:2)
  11 rats
302 creatures vanquished.

Vanquished Creatures (collateral kills)
  An orc (D:3)
1 creature vanquished.

Vanquished Creatures (others)
  An orc warrior (Bailey)
  A howler monkey (D:5)
  2 orc priests (D:6)
4 creatures vanquished.

Grand Total: 307 creatures vanquished

Notes
Turn   | Place    | Note
-------+----------+-------------------------------------------
     0 | D:1      | ezpacito the Coglin Chaos Knight began the quest for the
                  | Orb.
     0 | D:1      | Reached XP level 1. HP: 18/18 MP: 1/1
    90 | D:1      | Reached skill level 1 in Dodging
    95 | D:1      | XOM: silly message
   100 | D:1      | Reached XP level 2. HP: 24/24 MP: 2/2
   474 | D:1      | XOM: divination: magic mapping
   555 | D:1      | Reached XP level 3. HP: 29/29 MP: 3/3
   872 | D:2      | Reached skill level 1 in Polearms
   882 | D:2      | Noticed Natasha
   902 | D:2      | Reached XP level 4. HP: 11/35 MP: 4/4
   904 | D:2      | XOM: potion effect (curing)
   914 | D:1      | HP: 1/35 [poisoned by an adder]
  1065 | D:1      | XOM: silly message
  1304 | D:2      | Noticed Sigmund
  1308 | D:2      | XOM: butterfly on damage
  1313 | D:2      | Killed Sigmund
  1314 | D:2      | Reached skill level 1 in Stealth
  1314 | D:2      | Reached skill level 1 in Spellcasting
  1314 | D:2      | Reached skill level 1 in Evocations
  1314 | D:2      | Reached XP level 5. HP: 18/42 MP: 4/6
  1314 | D:2      | Reached XP level 6. HP: 20/48 MP: 4/7
  1555 | D:2      | Noticed Robin
  1566 | D:2      | Killed Robin
  1699 | D:2      | Killed Natasha
  1862 | D:2      | Noticed Natasha
  1869 | D:2      | Killed Natasha
  1939 | D:2      | XOM: divination: magic mapping
  2164 | D:2      | XOM: silly message
  2236 | D:3      | Identified a scroll of acquirement
  2236 | D:3      | Acquired 1083 gold pieces
  2277 | D:3      | Noticed Jessica
  2282 | D:3      | Reached skill level 4 in Axes
  2286 | D:3      | Killed Jessica
  2311 | D:3      | Found a glowing drain.
  2350 | Sewer    | Entered a sewer
  2411 | Sewer    | XOM: potion effect (curing)
  2429 | Sewer    | Reached XP level 7. HP: 39/54 MP: 8/8
  2517 | Sewer    | Found a white marble altar of Elyvilon.
  2628 | D:3      | Found a faded altar of an unknown god.
  3012 | D:3      | Found a runed translucent door.
  3013 | D:3      | Noticed Crazy Yiuf
  3021 | D:3      | XOM: scenery: create altars
  3182 | D:3      | XOM: enchant monster (good)
  3311 | D:3      | XOM: noise
  3435 | D:3      | Paralysed by Crazy Yiuf for 1 turns
  3448 | D:3      | Killed Crazy Yiuf
  3658 | D:2      | Noticed Natasha
  3664 | D:2      | XOM: confusion (+ monsters)
  3675 | D:2      | Killed Natasha
  3765 | D:3      | XOM: cloud trail
  3855 | D:4      | XOM: noise
  4145 | D:4      | Found Seohe's General Store.
  4145 | D:4      | XOM: 4-stop teleportation journey
  4182 | D:4      | XOM: silly message
  4239 | D:4      | XOM: silly message
  4312 | D:4      | Bought a potion of brilliance for 48 gold pieces
  4312 | D:4      | Bought a scroll of silence for 114 gold pieces
  4344 | D:4      | XOM: divination: detect items
  4348 | D:4      | Found a stormy altar of Qazlal.
  4355 | D:4      | Found a white marble altar of Elyvilon.
  4355 | D:4      | Found a shadowy altar of Dithmenos.
  4356 | D:4      | Found a glowing silver altar of Zin.
  4655 | D:5      | Entered Level 5 of the Dungeon
  4677 | D:5      | Identified the +7 dagger "Apregrirph" {freeze, *Rage rElec
                  | Int+6 SInv}
  4699 | D:5      | XOM: cloud trail
  4755 | D:5      | Reached XP level 8. HP: 61/61 MP: 10/10
  4926 | D:5      | Found Mopol's Mayhem Merchandise.
  4935 | D:5      | Bought a wand of iceblast (8) for 249 gold pieces
  4935 | D:5      | Bought the +6 shillelagh "Devastator" {shatter} for 780
                  | gold pieces
  4935 | D:5      | Found the +6 shillelagh "Devastator" {shatter}
  5002 | D:5      | XOM: scenery: 2 doors close
  5090 | D:5      | Learned a level 1 spell: Necrotise
  5102 | D:5      | Reached skill level 5 in Axes
  5106 | D:5      | Learned a level 3 spell: Vampiric Draining
  5111 | D:5      | Learned a level 4 spell: Martyr's Knell
  5278 | D:5      | XOM: 1-stop teleportation journey
  5471 | D:5      | Found a broken altar of Ashenzari.
  5507 | D:5      | XOM: 1-stop teleportation journey
  5655 | D:5      | XOM: scenery: 1 doors close
  5804 | D:5      | Reached skill level 5 in Fighting
  5967 | D:6      | Reached skill level 1 in Necromancy
  5974 | D:6      | Reached skill level 1 in Maces & Flails
  6145 | D:6      | XOM: polymorph scorpion -> hog
  6153 | D:6      | Reached skill level 1 in Summonings
  6153 | D:6      | Reached XP level 9. HP: 55/68 MP: 12/12
  6361 | D:6      | Got the Papyrus of Allies and the Cumulonimbus
  6428 | D:6      | XOM: 1-stop teleportation journey
  6577 | D:6      | XOM: confusion (+ monsters)
  6578 | D:6      | XOM: torment (34/68 hp)
  6583 | D:6      | XOM: divine lightning
  6595 | D:6      | Found a staircase to the Ecumenical Temple.
  6605 | Temple   | Entered the Ecumenical Temple
  6760 | D:6      | XOM: confuse monster(s)
  6998 | D:6      | Identified the +4 dagger of Cukku {speed, Dex+4}
  7050 | D:6      | Found a radiant altar of Vehumet.
  7070 | D:6      | XOM: summons 1 hostile demon
  7135 | D:6      | XOM: scenery: create altars
  7164 | D:7      | Learned a level 5 spell: Curse of Agony
  7274 | D:7      | XOM: 2-stop teleportation journey
  7290 | D:7      | XOM: noise
  7291 | D:7      | Reached skill level 6 in Axes
  7294 | D:7      | Reached skill level 5 in Armour
  7332 | D:7      | Noticed a two-headed ogre
  7337 | D:7      | Killed a two-headed ogre
  7337 | D:7      | Noticed a white ugly thing
  7338 | D:7      | Reached skill level 5 in Dodging
  7338 | D:7      | Reached XP level 10. HP: 43/76 MP: 14/14
  7341 | D:7      | Killed a white ugly thing
  7569 | D:7      | Found a flagged portal.
  7583 | Bailey   | Entered a bailey
  7907 | Bailey   | Acquired 1258 gold pieces
  7958 | Bailey   | XOM: enchant monster (good)
  8143 | Bailey   | Identified the +5 ice dragon scales "Beplui Nuen" {rPois
                  | rF- rC++ MP+9 Dex+3 Slay+3}
  8411 | D:7      | Identified the +7 chain mail of Relativism {rPois Str+3
                  | Dex+7}
  8520 | D:7      | Found a hazy altar of Hepliaklqana.
  8520 | D:7      | Found a faded altar of an unknown god.
  8520 | D:7      | XOM: swap monsters
  8895 | D:7      | Identified the staff "Jellybane" {rPois rN+ Str+3 Dex-5
                  | Stlth+ Necro}
  8905 | D:7      | Identified the staff "Unekobbi" {rElec rC- rCorr Stlth+
                  | Conj Air}
  8908 | D:7      | Identified the +9 rapier "Fufeva Todec" {freeze, rElec rN+
                  | Int+3}
  9288 | D:8      | Reached skill level 7 in Axes
  9473 | D:8      | XOM: summons 3 hostile demons
  9550 | D:8      | Found a faded altar of an unknown god.
  9550 | D:8      | Found an ancient bone altar of Kikubaaqudgha.
  9558 | D:8      | Found a sparkling altar of Nemelex Xobeh.
  9560 | D:8      | Found an ornate altar of the Wu Jian Council.
  9568 | D:8      | Found a faded altar of an unknown god.
  9820 | D:8      | Reached skill level 5 in Evocations
 10100 | D:9      | XOM: summons 3 hostile shadow creatures
 10128 | D:9      | Noticed Amaemon
 10128 | D:9      | Noticed an orange demon
 10128 | D:9      | XOM: 1-stop teleportation journey
 10133 | D:9      | XOM: smoke on damage
 10133 | D:9      | XOM: scenery: 3 doors open
 10139 | D:9      | HP: 3/115 [Amaemon/+1 demon whip of venom (14)]
 10139 | D:9      | Slain by an orange demon

Illustrated notes

Levels and vault maps discovered:
D:1:      saegor_arrival_miasma, layout_basic
D:2:      layout_basic, uniq_sigmund, uniq_natasha, uniq_robin
D:3:      layout_basic, serial_rivers, chequers_serial_rivers_micro_c,
          chequers_serial_rivers_small_b, chequers_serial_rivers_micro_e,
          chequers_serial_rivers_micro_d, chequers_serial_rivers_micro_a,
          chequers_serial_rivers_small_3, portal_sewer_entry_f,
          hellmonk_ecumenical_altar_inner_sanctum, uniq_crazy_yiuf_cottage,
          uniq_jessica
D:4:      layout_loops_cross, minitemple, serial_shops, nicolae_shop_crystal,
          serial_bayou_lagoon_b
D:5:      minmay_goblin_kobold_castle, layout_loops_cross,
          lemuel_coloured_pillars_altar, minmay_shop_mayhem
D:6:      layout_loops_ring, vehumet_statue, minmay_temple_entry_wispy,
          nrook_campfire, minmay_fractal_squares_diagonal_5
D:7:      corexii_shantytown, layout_gridville,
          beargit_hepliaklqana_dungeon_heroes, enter_bailey_3,
          minmay_the_grid_2x2 [minmay_the_grid_doors,
          minmay_the_grid_minigrid_small_alt, minmay_the_grid_tiny_cups,
          minmay_the_grid_prize_diamond_cup]
D:8:      layout_loops_ring, chequers_temple_overflow_minitemple, serial_rivers,
          chequers_serial_rivers_small_a, chequers_serial_rivers_micro_b,
          chequers_serial_rivers_micro_e, chequers_serial_rivers_micro_b,
          grunt_ministairs_6
D:9:      layout_roguey [special_room_orc], uniq_amaemon
Temple:   hellmonk_temple_of_storms

Skill      XL: |  1  2  3  4  5  6  7  8  9 10 |
---------------+-------------------------------+-----
Dodging        | 1 2 3 4 5 |  5.6
Armour         | 2 3 4 5 |  5.9
Polearms       | 1 2 3 |  3.9
Stealth        | 1 2 3 |  3.6
Spellcasting   | 1 2 3 |  3.2
Evocations     | 1 2 3 4 5 |  5.0
Axes           | 4 5 6 7 |  7.0
Fighting       | 4 5 6 |  6.8
Necromancy     | 1 2 3 |  3.0
Maces & Flails | 1 2 |  2.9
Summonings     | 1 2 |  2.7

Action                     |  1- 3 |  4- 6 |  7- 9 | 10-12 || total
---------------------------+-------+-------+-------+-------++-------
  Melee: Dagger            |    61 |    30 |    10 |       ||   101
         Hand axe          |    62 |   100 |   203 |    50 ||   415
         Spear             |       |    74 |    90 |       ||   164
         Trident           |       |       |    53 |       ||    53
         Shillelagh        |       |       |   117 |   130 ||   247
         Staff             |       |       |       |    51 ||    51
  Evoke: Wand              |       |       |     5 |     7 ||    12
    Use: Scroll            |     1 |     3 |     8 |     4 ||    16
         Potion            |       |     4 |     6 |     5 ||    15
   Stab: Confused          |       |     4 |     3 |     1 ||     8
         Petrifying        |       |       |     1 |       ||     1
         Paralysed         |       |       |     3 |       ||     3
         Sleeping          |       |       |     2 |     4 ||     6
 Armour: Leather armour    |    10 |       |       |       ||    10
         Chain mail        |    51 |   104 |   247 |       ||   402
         Steam dragon scal |       |       |    18 |    32 ||    50
         Ice dragon scales |       |       |       |   128 ||   128
         Skin              |       |       |       |    31 ||    31
  Dodge: Dodged            |    24 |    31 |   124 |   128 ||   307

Table legend: (Time is in decaauts)
 A = Elapsed time spent in this place.
 B = Non-inter-level travel time spent in this place.
 C = Inter-level travel time spent in this place.
 D = Time resting spent in this place.
 E = Time spent auto-exploring this place.
 F = Levels seen in this place.
 G = Mean time per level.
                   A        B        C        D        E       F      G
               +--------+--------+--------+--------+--------+-----+--------+
         Total |  10286 |   9869 |    417 |    995 |   6685 |  12 |  857.2 |
       Dungeon |   9186 |   8769 |    417 |    579 |   6421 |   9 | 1020.7 |
        Temple |    153 |    153 |      0 |    152 |      0 |   1 |  153.0 |
         Sewer |    281 |    281 |      0 |      0 |    171 |   1 |  281.0 |
        Bailey |    664 |    664 |      0 |    264 |     91 |   1 |  664.0 |
               +--------+--------+--------+--------+--------+-----+--------+

Top non-repeatable levels by time:
     D:2: 1542 daAuts
     D:5: 1337 daAuts
     D:7: 1227 daAuts
     D:3: 1106 daAuts
     D:6: 1042 daAuts
     D:8: 1041 daAuts
     D:1: 905 daAuts
     D:4: 904 daAuts
  Bailey: 664 daAuts
   Sewer: 281 daAuts
  Temple: 153 daAuts
     D:9: 80 daAuts
